 Dungeon Crawl Stone Soup version 0.18.1-47-g9310371 (webtiles) character file.

11805 sugabear the Carver (level 11, -8/58 HPs)
             Began as a Vine Stalker Gladiator on June 14, 2016.
             Was an Elder of the Shining One.
             Mangled by a tentacled starspawn (25 damage)
             ... on level 1 of the Abyss.
             The game lasted 00:26:50 (13915 turns).

sugabear the Carver (Vine Stalker Gladiator)       Turns: 13915, Time: 00:26:51

Health: -8/58      AC: 11    Str: 19    XL:     11   Next: 83%
Magic:  0/17       EV: 13    Int:  8    God:    the Shining One [****..]
Gold:   1249       SH:  2    Dex: 17    Spells: 0 memorised, 10 levels left

rFire  + . .     SeeInvis .     a - +8 autumn katana {slice, Clar}
rCold  + . .     Gourm    +     m - +0 ring mail
rNeg   + + .     Faith    .     (no shield)
rPois  +         Spirit   +     (helmet restricted)
rElec  +         Dismiss  .     (no cloak)
rCorr  +         Reflect  .     B - +0 pair of gloves
SustAt .         Harm     .     (no boots)
MR     ++...     Clarity  +     U - amulet of the gourmand
Stlth  +.........               W - ring of protection from magic
                                u - ring of flight

@: resistant, glowing, constricted, very resistant to hostile enchantments, very
unstealthy
A: antennae 1, fangs 3, large bone plates 1, slimy green scales 1, blink, blurry
vision 1, clarity, regeneration 2, screaming 1, magic shield, antimagic bite, no
device heal 3, rot immunity, sturdy frame 1
a: Blink, Divine Shield, Cleansing Flame, Renounce Religion, Evoke Flight


You were on level 1 of the Abyss.
You worshipped the Shining One.
The Shining One was greatly pleased with you.
You were completely stuffed.

You visited 3 branches of the dungeon, and saw 13 of its levels.
You visited the Abyss 1 time.

You collected 1480 gold pieces.
You spent 231 gold pieces at shops.

Inventory:

Hand Weapons
 a - the +8 autumn katana (weapon) {slice, Clar}
   (You acquired it on level 9 of the Dungeon)

   It inflicts extra damage upon your enemies.
   It protects you against confusion.
 b - the +8 arbalest of Vaowiuj {penet, rElec SInv Stlth+}
   (You found it on level 8 of the Dungeon)

   Ammo fired by it will pass through the targets it hits, potentially hitting
   all targets in its path until it reaches maximum range.
   It insulates you from electricity.
   It lets you see invisible.
   It makes you more stealthy.
 D - a +2 double sword of slicing
Missiles
 d - 3 throwing nets (quivered)
 T - 52 bolts
Armour
 c - a +1 helmet
 m - a +0 ring mail (worn)
 y - a +1 animal skin
 B - a +0 pair of gloves (worn)
 P - a +0 leather armour
Jewellery
 u - a ring of flight (left hand)
 U - an amulet of the gourmand (around neck)
 W - a ring of protection from magic (right hand)
Wands
 x - a wand of digging (10/24)
 A - a wand of teleportation (9/9)
 G - a wand of lightning (10/15)
 K - a wand of lightning (7/15)
 L - a wand of paralysis (21/24)
 N - a wand of slowing (25/48)
 Y - a wand of slowing (18/48)
Scrolls
 e - 7 scrolls of teleportation
 h - 2 scrolls of amnesia
 i - 4 scrolls of enchant weapon
 l - 2 scrolls of identify
 o - 3 scrolls of fog
 q - 3 scrolls of magic mapping
 s - 8 scrolls of remove curse
 M - a scroll of holy word {unknown}
 Q - a scroll of recharging
 S - a scroll of random uselessness {unknown}
 V - a scroll of enchant armour
Potions
 g - 2 potions of haste
 k - 8 potions of curing
 n - 2 potions of berserk rage
 p - 4 potions of brilliance
 t - 3 potions of lignification
 z - a potion of cancellation
 F - a potion of ambrosia
 I - 3 potions of flight
 O - a potion of agility
 R - a potion of might
Books
 j - a book of Spatial Translocations

   Spells                             Type                      Level
   a - Apportation                    Translocation                1
   b - Blink                          Translocation                2
   c - Shroud of Golubria             Charms/Translocation         2
   d - Portal Projectile              Translocation                3
   e - Teleport Other                 Translocation                3
   f - Passage of Golubria            Translocation                4
 C - a book of Transfigurations

   Spells                             Type                      Level
   a - Irradiate                      Conjuration/Transmutation    5
   b - Statue Form                    Transmutation/Earth          6
   c - Hydra Form                     Transmutation                6
   d - Dragon Form                    Transmutation                7
 E - a book of Party Tricks

   Spells                             Type                      Level
   a - Summon Butterflies             Summoning                    1
   b - Apportation                    Translocation                1
   c - Tukima's Dance                 Hexes                        3
   d - Alistair's Intoxication        Transmutation/Poison         5
   e - Invisibility                   Hexes                        6
 H - a book of Enchantments

   Spells                             Type                      Level
   a - Cause Fear                     Hexes                        4
   b - Yara's Violent Unravelling     Hexes/Transmutation          5
   c - Silence                        Hexes/Air                    5
   d - Deflect Missiles               Charms/Air                   6
   e - Haste                          Charms                       6
   f - Discord                        Hexes                        8
 J - a book of Beasts

   Spells                             Type                      Level
   a - Summon Butterflies             Summoning                    1
   b - Call Canine Familiar           Summoning                    3
   c - Summon Ice Beast               Ice/Summoning                4
   d - Summon Mana Viper              Hexes/Summoning              5
   e - Summon Hydra                   Summoning                    7
 X - a book of Unlife

   Spells                             Type                      Level
   a - Recall                         Summoning/Translocation      3
   b - Animate Dead                   Necromancy                   4
   c - Control Undead                 Necromancy                   4
   d - Cigotuvi's Embrace             Necromancy                   5
   e - Death Channel                  Necromancy                   6
   f - Simulacrum                     Ice/Necromancy               6
Comestibles
 f - 8 bread rations
 r - a slice of pizza
 v - 4 beef jerkies
 w - 6 meat rations
 Z - 8 chunks of flesh


   Skills:
 + Level 6.7 Fighting
 + Level 8.2 Long Blades
 + Level 4.8 Crossbows
 + Level 2.0 Throwing
 + Level 6.1 Armour
 + Level 7.4 Dodging
 + Level 2.5 Stealth
 * Level 7.8 Invocations


You had 10 spell levels left.
You didn't know any spells.

Dungeon Overview and Level Annotations

Branches:
Dungeon (10/15)            Temple (1/1) D:5            Lair (0/8) D:9
    Orc (2/2) D:9
    Elf: Orc:2

Altars:
Ashenzari
Cheibriados
Dithmenos
Elyvilon
Fedhas
Gozag
Kikubaaqudgha
Makhleb
Nemelex Xobeh
Okawaru
Pakellas
Qazlal
Ru
Sif Muna
Trog
Vehumet
Xom
Yredelemnul
Zin
The Shining One
Beogh

Shops:
D:7 *   D:9 *   D:10 (

Portals:
Trove: D:10 (give +4 shadow dragon armour)


Innate Abilities, Weirdness & Mutations

You have razor-sharp teeth.
You heal very quickly.
When hurt, damage is shared between your health and your magic reserves.
Your bite disrupts and absorbs the magic of your enemies.
Potions and wands cannot restore your health.
You are immune to rotting.
You have a pair of small antennae on your head.
You are partially covered in large bone plates (AC +2, SH +2).
You are partially covered in slimy green scales (AC +2).
You can translocate small distances at will.
Scrolls take you a little longer to read.
You possess an exceptional clarity of mind.
You occasionally shout uncontrollably at your foes.
Your movements are slightly less encumbered by armour (ER -2).


Message History

The large abomination is lightly damaged.
Tentacles burst from the starspawn's body!
The large abomination hits you! 2 starspawn tentacles come into view.
You shout at the starspawn tentacle!
You hit the large abomination.
The large abomination is moderately damaged.
The large abomination closely misses you.
You hit the large abomination.
You bite the large abomination, but do no damage.
The large abomination is moderately damaged.
The starspawn tentacle grabs you. The starspawn tentacle constricts you.
The tentacled starspawn closely misses you.
The tentacled starspawn barely misses you.
You hit the starspawn tentacle.
The starspawn tentacle is moderately damaged.
The large abomination hits you!
* * * LOW HITPOINT WARNING * * *
The starspawn tentacle constricts you. The tentacled starspawn bites you!!
You die...

. .#..#. # ...#
..#..%###.#####
.....#...##..##
#...#...#...##
#.#.....#.#.#
#......#...##
..#............
......X.w....#.
#. .##@X......
######..w....#.
#.#.##..#
#....# ###
###..# ##. .#
.# ..


You could see a tentacled starspawn, a large abomination and 2 starspawn
tentacles.

Vanquished Creatures
  A hill giant (D:10)
  An orc knight (Orc:1)
  The ghost of kinggod the Covered, a novice DsFi of Dithmenos (D:6)
  An orc sorcerer (Orc:1)
  A cyclops (Orc:2)
  A salamander (Orc:1)
  Joseph (D:7)
  An ancient zyme (Abyss:1)
  3 trolls
  A spriggan (D:9)
  A wraith (Abyss:1)
  4 fire bats (Orc:1)
  A large abomination (Abyss:1)
  4 wargs (Orc:2)
  Menkaure (D:7)
  13 orc warriors
  3 ice beasts
  3 sky beasts
  A black bear (D:10)
  5 ogres
  5 centaurs
  3 big kobolds
  5 giant frogs
  A wyvern zombie (D:8)
  A wyvern skeleton (D:8)
  6 scorpions
  9 killer bees (D:9)
  8 wights (D:10)
  6 crimson imps
  4 hounds
  A giant frog zombie (D:6)
  A giant frog skeleton (D:4)
  4 jellies
  11 orc priests
  2 centaur skeletons
  4 iguanas
  19 orc wizards
  9 worker ants
  2 killer bee zombies
  4 sheep (Orc:2)
  A hound skeleton (D:6)
  Robin (D:3)
  A worker ant zombie (D:8)
  12 gnolls
  12 adders
  A shadow imp (D:8)
  An adder zombie (D:9)
  2 adder skeletons
  3 worms
  2 dart slugs
  9 giant geckos
  77 orcs
  A ball python (D:3)
  18 bats
  6 giant cockroaches
  9 goblins
  10 hobgoblins
  2 jackals (D:4)
  18 kobolds
  4 quokkas
  3 giant newts
  9 rats
355 creatures vanquished.

Notes
Turn   | Place    | Note
--------------------------------------------------------------
     0 | D:1      | sugabear the Vine Stalker Gladiator began the quest for the Orb.
     0 | D:1      | Reached XP level 1. HP: 11/11 MP: 2/2
   377 | D:1      | Reached XP level 2. HP: 15/15 MP: 3/3
   936 | D:2      | Reached XP level 3. HP: 18/18 MP: 4/4
   943 | D:2      | Reached skill level 3 in Long Blades
  1582 | D:2      | Reached XP level 4. HP: 23/23 MP: 5/5
  2146 | D:3      | Reached skill level 1 in Armour
  2377 | D:3      | Noticed Robin
  2384 | D:3      | Killed Robin
  2385 | D:3      | Reached XP level 5. HP: 14/26 MP: 6/6
  2469 | D:3      | You fall through a shaft for 2 floors!
  2469 | D:5      | Entered Level 5 of the Dungeon
  2772 | D:5      | Found a staircase to the Ecumenical Temple.
  2781 | Temple   | Entered the Ecumenical Temple
  2871 | Temple   | Became a worshipper of the Shining One
  3486 | D:3      | Gained mutation: You heal very quickly. [Vine Stalker growth]
  3486 | D:3      | Reached XP level 6. HP: 24/32 MP: 7/7
  3522 | D:4      | Reached skill level 1 in Invocations
  3536 | D:4      | Reached skill level 4 in Long Blades
  3771 | D:4      | Found an oddly glowing altar of Pakellas.
  3778 | D:4      | Found an ancient bone altar of Kikubaaqudgha.
  3846 | D:4      | Found a glowing golden altar of the Shining One.
  3902 | D:4      | Reached XP level 7. HP: 21/35 MP: 3/9
  5523 | D:4      | Gained mutation: You have razor-sharp teeth. [Vine Stalker growth]
  5523 | D:4      | Reached XP level 8. HP: 25/40 MP: 11/11
  5713 | D:5      | Reached * piety under the Shining One
  5766 | D:5      | Reached skill level 1 in Stealth
  5824 | D:5      | Reached skill level 5 in Dodging
  5877 | D:5      | Reached skill level 5 in Long Blades
  6412 | D:5      | Gained mutation: Scrolls take you a little longer to read. [potion of mutation]
  6412 | D:5      | Gained mutation: Your muscles are strong. (Str +2) [potion of mutation]
  6878 | D:6      | Reached XP level 9. HP: 35/44 MP: 13/13
  7238 | D:6      | Noticed kinggod's ghost (novice DsFi)
  7782 | D:7      | Gained mutation: You are clumsy. (Dex -2) [mutagenic meat]
  7783 | D:7      | Gained mutation: You are partially covered in large bone plates (AC +2, SH +2). [mutagenic meat]
  7784 | D:7      | Gained mutation: You are partially covered in slimy green scales (AC +2). [mutagenic meat]
  7785 | D:7      | Gained mutation: Your movements are slightly less encumbered by armour (ER -2). [mutagenic meat]
  7786 | D:7      | Lost mutation: Your muscles are strong. (Str +2) [mutagenic meat]
  7804 | D:7      | Noticed Menkaure
  7813 | D:7      | Killed Menkaure
  7935 | D:7      | Reached ** piety under the Shining One
  7998 | D:7      | Found a blossoming altar of Fedhas.
  8099 | D:7      | Noticed Joseph
  8121 | D:7      | Killed Joseph
  8121 | D:7      | Reached skill level 6 in Long Blades
  8121 | D:7      | Reached skill level 5 in Invocations
  8211 | D:7      | Gained mutation: You occasionally shout uncontrollably at your foes. [potion of mutation]
  8211 | D:7      | Gained mutation: You are partially covered in thin metallic scales (AC +2). [potion of mutation]
  8331 | D:7      | Found Hebum's Assorted Antiques.
  8343 | D:7      | Bought a glowing white potion for 18 gold pieces
  8343 | D:7      | Bought a bubbling inky potion for 18 gold pieces
  8343 | D:7      | Bought a potion of mutation for 52 gold pieces
  8343 | D:7      | Bought a silvery potion for 18 gold pieces
  8343 | D:7      | Bought a gluggy blue potion for 18 gold pieces
  8343 | D:7      | Lost mutation: You are clumsy. (Dex -2) [potion of mutation]
  8788 | D:7      | Gained mutation: You have a pair of small antennae on your head. [mutagenic meat]
  8789 | D:7      | Lost mutation: You are partially covered in thin metallic scales (AC +2). [mutagenic meat]
  8790 | D:7      | Gained mutation: You can translocate small distances at will. [mutagenic meat]
  8791 | D:7      | Gained mutation: You possess an exceptional clarity of mind. [mutagenic meat]
  8840 | D:8      | Reached skill level 5 in Armour
  8843 | D:8      | Reached skill level 5 in Fighting
  8847 | D:8      | Reached XP level 10. HP: 45/51 MP: 14/14
  9008 | D:8      | Got a dazzling arbalest
  9011 | D:8      | Identified the +8 arbalest of Vaowiuj {penet, rElec SInv Stlth+} (You found it on level 8 of the Dungeon)
  9887 | D:6      | Killed kinggod's ghost
 10130 | D:9      | Found Mosoosse's Merry Market.
 10144 | D:9      | Bought a scroll of magic mapping for 45 gold pieces
 10376 | D:9      | Reached skill level 7 in Long Blades
 10389 | D:9      | Found a staircase to the Orcish Mines.
 10744 | D:9      | Found a staircase to the Lair.
 10969 | D:9      | Identified a scroll of acquirement
 11056 | D:9      | Reached skill level 1 in Crossbows
 11395 | D:10     | Entered Level 10 of the Dungeon
 11511 | D:10     | Reached *** piety under the Shining One
 11580 | D:10     | Found a shattered altar of Ashenzari.
 11717 | D:10     | Found Puloweu's Weapon Boutique.
 11726 | D:10     | Bought 26 bolts for 62 gold pieces
 11982 | D:10     | Noticed a hill giant
 11987 | D:10     | Killed a hill giant
 11987 | D:10     | Reached XP level 11. HP: 35/56 MP: 10/17
 12171 | D:10     | Found a portal to a secret trove of treasure.
 12415 | Orc:1    | Entered Level 1 of the Orcish Mines
 12539 | Orc:1    | Noticed an orc sorcerer
 12541 | Orc:1    | Killed an orc sorcerer
 12545 | Orc:1    | Noticed an orc knight
 12557 | Orc:1    | Killed an orc knight
 12773 | Orc:1    | Reached skill level 8 in Long Blades
 12902 | Orc:1    | Noticed a salamander
 12927 | Orc:1    | Killed a salamander
 13208 | Orc:2    | Entered Level 2 of the Orcish Mines
 13338 | Orc:2    | Found a roughly hewn altar of Beogh.
 13448 | Orc:2    | Reached **** piety under the Shining One
 13683 | Orc:2    | Noticed a cyclops
 13693 | Orc:2    | Killed a cyclops
 13794 | Orc:2    | Cast into level 1 of the Abyss (orc warrior)
 13907 | Abyss:1  | Noticed a tentacled starspawn
 13908 | Abyss:1  | Noticed a large abomination
 13915 | Abyss:1  | Mangled by a tentacled starspawn

Skill      XL: |  1  2  3  4  5  6  7  8  9 10 11 |
---------------+----------------------------------+-----
Fighting       | 2 3 5 6 |  6.7
Long Blades    | 3 4 5 6 7 8 |  8.2
Dodging        | 3 4 5 6 7 |  7.4
Throwing       | 2 |  2.0
Armour         | 1 2 3 5 6 |  6.1
Invocations    | 1 3 4 5 6 7 |  7.8
Stealth        | 1 2 |  2.5
Crossbows      | 2 4 |  4.8

Action                   |  1- 3 |  4- 6 |  7- 9 | 10-12 || total
-------------------------+-------+-------+-------+-------++-------
Melee: Long sword        |    84 |   189 |   272 |       ||   545
       Bite              |    20 |    56 |   108 |    95 ||   279
       Great sword       |       |       |    69 |   141 ||   210
       Katana            |       |       |       |   139 ||   139
 Fire: Arbalest          |       |       |       |   107 ||   107
Throw: Throwing net      |       |       |     1 |       ||     1
  Use: Potion            |       |       |    10 |     7 ||    17
       Scroll            |       |       |     8 |     6 ||    14
  Eat: Chunk             |     2 |     8 |    21 |    33 ||    64
       Pizza             |       |       |     2 |       ||     2
       Royal jelly       |       |       |     1 |       ||     1
Armor: Leather armour    |    17 |       |       |       ||    17
       Ring mail         |     8 |    61 |   146 |    89 ||   304
Dodge: Dodged            |    52 |   129 |   287 |   234 ||   702
Block: Other             |       |       |     3 |    28 ||    31
